 Dungeon Crawl Stone Soup version 0.29.1-1-gd02db6906a (webtiles) character file.

Game seed: 3017005430503168919

5721 croobank the Summoner (level 10, -9/69 HPs)
             Began as an Octopode Summoner on Oct 4, 2022.
             Was an Initiate of Gozag.
             Mangled by an orc warrior
             ... wielding a +0 glaive
             ... summoned by a spriggan
              (20 damage)
             ... in a bailey.
             The game lasted 00:34:38 (10657 turns).

croobank the Summoner (Octopode Summoner)          Turns: 10657, Time: 00:34:39

Health: -9/69      AC:  3    Str:  8    XL:     10   Next: 76%
Magic:  19/19      EV: 15    Int: 22    God:    Gozag
Gold:   168        SH:  0    Dex: 12    Spells: 8/21 levels left

rFire   + . .      SeeInvis .   z - +5 dire flail
rCold   . . .      Faith    .   (shield currently unavailable)
rNeg    . . .      Spirit   .   k - +2 hat
rPois   .          Reflect  .   (no amulet)
rElec   .          Harm     .   p - ring of flight
rCorr   .          Rampage  .   u - ring of protection from fire
Will    .....                   (no ring)
Stlth   ++++......              (no ring)
HPRegen 0.21/turn               (no ring)
MPRegen 0.16/turn               (no ring)
                                (no ring)
                                (no ring)

@: flying, unable to read
A: almost no armour, amphibious, 8 rings, camouflage 1, gelatinous body 1,
nimble swimmer 1, tentacles, tentacle spike 1, inability to read after injury 1
a: Renounce Religion, Potion Petition, Call Merchant, Bribe Branch


You were in a bailey.
You worshipped Gozag.
Gozag was aware of your devotion.
You visited 2 branches of the dungeon, and saw 9 of its levels.
You also visited: Bailey.

You collected 737 gold pieces.
You spent 52 gold pieces at shops.
You paid 517 gold pieces to Gozag.

Inventory:

Hand Weapons
 b - a +0 sling
 d - a +0 hand axe
 e - a +0 dagger
 l - a +0 mace
 q - a +0 war axe
 r - a +2 vorpal flail
 s - a +0 halberd
 z - a +5 dire flail (weapon)
Missiles
 B - 5 curare-tipped darts (quivered)
Armour
 k - a +2 hat (worn)
Magical Staves
 o - a staff of earth
Jewellery
 p - a ring of flight (left tentacle)
 u - a ring of protection from fire (right tentacle)
Wands
 n - a wand of charming (8)
 v - a wand of flame (24)
Scrolls
 c - a scroll of poison
 t - a scroll of teleportation
 w - 2 scrolls of fear {unknown}
 x - a scroll of noise
 y - 2 scrolls of butterflies
 C - a scroll of immolation {unknown}
Potions
 a - a potion of heal wounds {unknown}
 f - 5 potions of lignification
 g - 2 potions of flight
 h - 4 potions of degeneration
 i - 2 potions of resistance
 j - a potion of attraction
 m - a potion of mutation


   Skills:
 + Level 6.3 Fighting
 + Level 7.1 Dodging
 - Level 4.1 Stealth
 + Level 6.4 Spellcasting
 - Level 5.0 Hexes
 + Level 8.1 Summonings
 + Level 5.6 Air Magic


You had 8 spell levels left.
You knew the following spells:

 Your Spells              Type           Power      Damage    Failure   Level
a - Summon Small Mammal   Summ           100%       N/A       1%          1
b - Call Imp              Summ           43%        N/A       1%          2
c - Call Canine Familiar  Summ           43%        N/A       1%          3
d - Summon Guardian Gole  Hex/Summ       36%        N/A       1%          3
e - Summon Lightning Spi  Summ/Air       37%        N/A       4%          4

Your spell library contained the following spells:

 Spells                   Type           Power      Damage    Failure   Level


Dungeon Overview and Level Annotations

Branches:
Dungeon (8/15)             Temple (1/1) D:6          Bailey (1/1)
   Lair: D:8-11

Altars:
Ashenzari
Cheibriados
Dithmenos
Elyvilon
Fedhas
Gozag
Hepliaklqana
Kikubaaqudgha
Nemelex Xobeh
Okawaru
Qazlal
Ru
Sif Muna
Trog
Uskayaw
Wu Jian
Xom
Yredelemnul
Zin
The Shining One

Shops:
D:4 ?   D:5 ?

Annotations:
D:5 3 runed translucent doors, Sabo's ghost, novice DEAE


Innate Abilities, Weirdness & Mutations

You cannot wear most types of armour.
You are amphibious.
You can wear up to eight rings at the same time.
Your skin changes colour to match your surroundings (Stealth+).
Your rubbery body absorbs attacks. (AC +1, EV +1)
You are camouflaged when in or above water. (Stealth+)
You have tentacles for arms and can constrict up to eight enemies at once.
One of your tentacles bears a spike.
You occasionally lose the ability to read scrolls when taking damage.


Message History

The gnoll misses you.
You closely miss the spriggan. You grab the spriggan.
The spriggan is heavily wounded.
You constrict the spriggan, but do no damage.
Your wolf bites the orc.
Your wolf closely misses the orc.
The gnoll hits you from afar with a +0 halberd.
The orc hits your wolf with a +0 hand axe.
The spriggan misses you. The gnoll completely misses you.
The gnoll hits you from afar with a +0 spear.
The orc warrior closely misses you.
The orc hits your wolf with a +0 flail of protection.
The gnoll closely misses you. The gnoll hits you with a +0 club.
You barely miss the spriggan.
The spriggan is heavily wounded.
You constrict the spriggan.
Your wolf bites the orc but does no damage.
Your wolf closely misses the orc.
The gnoll barely misses you.
The orc hits your wolf with a +0 hand axe.
The gnoll hits you from afar with a +0 spear.
The gnoll closely misses you. The gnoll hits you with a +0 club.
The spriggan closely misses you. The orc misses your wolf.
The gnoll splashes around in the water.
The orc warrior hits your wolf with a +0 glaive!
Your wolf dies!
Your wolf's corpse disappears in a puff of smoke!
You hit the spriggan but do no damage.
The spriggan is heavily wounded.
You constrict the spriggan.
The gnoll splashes around in the water.
The gnoll hits you from afar with a +0 spear.
The gnoll closely misses you. The spriggan hits you with a +0 spear.
The gnoll hits you with a +0 flail.
* * * LOW HITPOINT WARNING * * *
The gnoll hits you but does no damage. The orc warrior barely misses you.
The gnoll splashes around in the water.
The gnoll hits you from afar with a +0 spear!
* * * LOW HITPOINT WARNING * * *
The orc warrior hits you with a +0 glaive!!
You feel threatened and lose the ability to read scrolls!
You die...
Your body crumbles into a pile of gold.

##.......##
##.........##
##..#♣♣###♣..##
# ##..♣#
..##..## #
##..## ..#♣..##
###.)## .g#...#
~~)..# ♣g#o..#
~~~..♣ ♣g#oo.#
~~~..♣ ♣i@og.#
~~~..# ♣g#g..#
~~~..# ♣.♣g..#
###..♣# ..#...#
# ##..##
..#♣..## #
##..## ..#♣..##
##..###♣♣##..##
##.........##
##.......##


You could see an orc warrior (summoned), a spriggan, an orc priest (summoned), 7
gnolls and 2 orcs.

Vanquished Creatures
  Prince Ribbit (D:7)
  2 spriggans (Bailey)
  Menkaure (D:7)
  An ogre (D:4)
  An ice beast (D:6)
  A phantom (D:6)
  A bullfrog (D:7)
  A necrophage (D:5)
  A jelly (D:5)
  2 iguanas
  4 adders
  2 gnolls (D:4)
  An ufetubus (D:4)
  An orc (D:7)
  A bat (D:2)
  2 endoplasms
  A giant cockroach (D:3)
  6 goblins
  5 hobgoblins
  3 quokkas
  A ball python (D:1)
  A frilled lizard (D:1)
  3 kobolds
  3 rats
46 creatures vanquished.

Vanquished Creatures (collateral kills)
  A two-headed ogre (Bailey)
  Sigmund (D:5)
  A spriggan (Bailey)
  A basilisk (D:8)
  Eustachio (D:5)
  An acid dragon (Bailey)
  A water moccasin (D:7)
  2 ice beasts
  9 ogres
  A necrophage (D:5)
  A gnoll sergeant (D:7)
  2 scorpions
  4 wights (D:6)
  A howler monkey (D:6)
  A jelly (D:7)
  Crazy Yiuf (D:7)
  3 hounds
  An iguana (D:5)
  3 orc wizards
  6 adders
  12 gnolls
  A white imp (D:6)
  An ufetubus (D:6)
  A worm (D:2)
  4 dart slugs
  18 orcs
  4 endoplasms
  2 giant cockroaches
  A hobgoblin (D:1)
  4 jackals
  A quokka (D:2)
  2 ball pythons
  A bat (D:2)
  7 goblins
  3 kobolds
  2 rats
106 creatures vanquished.

Vanquished Creatures (others)
  A two-headed ogre (D:7)
  3 yaks (D:5)
  An orc warrior (D:7)
  Duvessa (D:5)
  2 ogres
  A scorpion (D:5)
  Dowan (D:5)
  An orc wizard (D:7)
  2 orcs (D:7)
  3 fungi (D:8)
  5 plants (D:1)
21 creatures vanquished.

Grand Total: 173 creatures vanquished

Notes
Turn   | Place    | Note
-------+----------+-------------------------------------------
     0 | D:1      | croobank the Octopode Summoner began the quest for the Orb.
     0 | D:1      | Reached XP level 1. HP: 11/11 MP: 3/3
    76 | D:1      | Found a faded altar of an unknown god.
   186 | D:1      | Reached XP level 2. HP: 13/17 MP: 3/5
   189 | D:1      | Learned a level 2 spell: Call Imp
  1397 | D:2      | Reached XP level 3. HP: 21/21 MP: 4/6
  1401 | D:2      | Learned a level 3 spell: Call Canine Familiar
  2318 | D:2      | Found a shimmering blue altar of Sif Muna.
  2792 | D:3      | Reached XP level 4. HP: 25/27 MP: 3/7
  2894 | D:3      | Identified the +0 cloak of the Marlin {*Slow rElec rC+
                  | Will+}
  3217 | D:3      | Reached XP level 5. HP: 31/31 MP: 2/9
  3221 | D:3      | Learned a level 3 spell: Summon Guardian Golem
  3860 | D:4      | Gained mutation: You occasionally lose the ability to read
                  | scrolls when taking damage. [potion of mutation]
  3860 | D:4      | Gained mutation: One of your tentacles bears a spike.
                  | [potion of mutation]
  3863 | D:4      | Reached skill level 1 in Fighting
  3863 | D:4      | Reached skill level 1 in Hexes
  4016 | D:4      | Reached XP level 6. HP: 38/38 MP: 6/10
  4043 | D:4      | Found Widuev's Magic Scroll Emporium.
  4304 | D:4      | Reached skill level 5 in Summonings
  4433 | D:4      | Reached XP level 7. HP: 45/45 MP: 7/12
  5060 | D:5      | Entered Level 5 of the Dungeon
  5066 | D:5      | Learned a level 4 spell: Summon Lightning Spire
  5084 | D:5      | Found a runed translucent gate.
  5084 | D:5      | Found a runed translucent gate.
  5084 | D:5      | Found a runed translucent gate.
  5172 | D:5      | Noticed Sabo's ghost (novice DEAE)
  5184 | D:5      | Noticed a yak
  5188 | D:5      | Noticed a yak
  5200 | D:5      | Killed a yak
  5201 | D:5      | Reached skill level 1 in Air Magic
  5201 | D:5      | Reached XP level 8. HP: 52/52 MP: 6/14
  5259 | D:5      | Noticed a yak
  5264 | D:5      | Killed a yak
  5284 | D:5      | Killed a yak
  5285 | D:5      | Reached skill level 6 in Summonings
  5727 | D:5      | Noticed Sigmund
  5740 | D:5      | Killed Sigmund
  5835 | D:5      | Noticed Duvessa
  5835 | D:5      | Noticed Dowan
  5860 | D:5      | Reached skill level 5 in Dodging
  5870 | D:5      | Killed Duvessa
  5887 | D:5      | Killed Dowan
  5994 | D:5      | Found Uroad's Magic Scroll Shop.
  6002 | D:5      | Bought a scroll of identify for 26 gold pieces
  6002 | D:5      | Bought a scroll of identify for 26 gold pieces
  6137 | D:5      | Reached XP level 9. HP: 47/58 MP: 9/16
  6325 | D:5      | Identified the +1 leather armour "Awuqoipsise" {rCorr Int+4
                  | Dex+4}
  6478 | D:5      | Found a sacrificial altar of Ru.
  6666 | D:5      | Found a bloodstained altar of Trog.
  6716 | D:5      | Noticed Eustachio
  6722 | D:5      | Killed Eustachio
  6878 | D:6      | Reached skill level 5 in Spellcasting
  7166 | D:6      | Identified the +1 broad axe of Jios Ceromo {vorpal, rCorr
                  | Dex-4 SInv}
  7617 | D:6      | Found a staircase to the Ecumenical Temple.
  7626 | Temple   | Entered the Ecumenical Temple
  7718 | Temple   | Became a worshipper of Gozag Ym Sagoz the Greedy
  8033 | D:7      | Noticed Prince Ribbit
  8037 | D:7      | Killed Prince Ribbit
  8111 | D:7      | Found a shadowy altar of Dithmenos.
  8186 | D:7      | Reached skill level 7 in Summonings
  8196 | D:7      | Noticed Menkaure
  8196 | D:7      | Noticed a two-headed ogre
  8203 | D:7      | Killed Menkaure
  8204 | D:7      | Reached skill level 5 in Fighting
  8207 | D:7      | Killed a two-headed ogre
  8208 | D:7      | Reached skill level 5 in Hexes
  8208 | D:7      | Reached XP level 10. HP: 28/66 MP: 7/18
  9332 | D:7      | Found a runed translucent door.
  9333 | D:7      | Noticed Crazy Yiuf
  9355 | D:7      | Killed Crazy Yiuf
  9478 | D:8      | HP: 3/66 [steam dragon (4)]
  9478 | D:8      | HP: 1/66 [basilisk (1)]
  9481 | D:8      | Noticed a brown ugly thing
  9484 | D:8      | Found a flagged portal.
  9696 | D:8      | Noticed a deep elf pyromancer
  9705 | Bailey   | Entered a bailey
  9855 | Bailey   | Reached skill level 5 in Air Magic
  9909 | Bailey   | Noticed a two-headed ogre
  9927 | Bailey   | Killed a two-headed ogre
  9928 | Bailey   | Reached skill level 8 in Summonings
 10246 | Bailey   | HP: 3/68 [spriggan/+0 trident (14)]
 10657 | Bailey   | Mangled by an orc warrior

Illustrated notes

Levels and vault maps discovered:
D:1:      spicycebolla_arrival_clurvy, layout_basic, serial_bayou,
          serial_bayou_ford_a, serial_bayou_pond_e, serial_bayou_pond_b,
          serial_bayou_crossing, shapermc_ecumenical_altar_acropolis
D:2:      layout_loops_corners, basic_altar
D:3:      layout_basic, minmay_misc_feat_tower
D:4:      cheibrodos_helix_gallery, layout_basic, serial_shops,
          nicolae_shop_statue_plus, nicolae_underground_beach
D:5:      layout_basic, trog_hazing_becter, nicolae_ru_the_path_less_chosen,
          ebering_ghost_rock_garden, serial_shops, shop_scrolls, minivault_5,
          uniq_sigmund, uniq_duvessa, uniq_eustachio, uniq_edmund
D:6:      layout_cave_pools, temple_hall, minmay_misc_feat_doors
D:7:      layout_basic, grunt_dithmenos_smoke, serial_curves, eino_curves_01,
          eino_curves_02, uniq_menkaure, uniq_crazy_yiuf_cottage,
          uniq_prince_ribbit1
D:8:      layout_rooms, mainiacjoe_overflow_cross_hatched,
          nicolae_ossuary_entry_false_entrances, enter_bailey_3, kb_rosetta
Temple:   eino_narrow_crystal_temple
Bailey:   bailey_polearm_enchanted_keep_hellmonk, bailey

Skill      XL: |  1  2  3  4  5  6  7  8  9 10 |
---------------+-------------------------------+-----
Stealth        | 3 4 |  4.1
Dodging        | 3 4 5 6 7 |  7.1
Spellcasting   | 3 4 5 6 |  6.4
Fighting       | 1 2 3 4 5 6 |  6.3
Hexes          | 1 2 3 5 |  5.0
Summonings     | 5 6 7 8 |  8.1
Air Magic      | 1 3 4 5 |  5.6

Action                   |  1- 3 |  4- 6 |  7- 9 | 10-12 || total
-------------------------+-------+-------+-------+-------++-------
Melee: Unarmed           |    10 |       |       |       ||    10
       Constrict         |    10 |     7 |     6 |     4 ||    27
       Hand axe          |    23 |     1 |       |       ||    24
       Tentacles         |     7 |     8 |     8 |     4 ||    27
       Flail             |       |    31 |    35 |    20 ||    86
       Kick              |       |     2 |     9 |     7 ||    18
       Dire flail        |       |       |       |     5 ||     5
 Fire: Sling             |    11 |       |       |       ||    11
Throw: Throwing net      |       |     1 |       |     1 ||     2
 Cast: Summon Small Mamm |    35 |    18 |    39 |    20 ||   112
       Call Imp          |     9 |     5 |     9 |     2 ||    25
       Call Canine Famil |     5 |     8 |    22 |    19 ||    54
       Summon Guardian G |       |     1 |    19 |     5 ||    25
       Summon Lightning  |       |       |     3 |     7 ||    10
Invok: Potion Petition   |       |       |       |     1 ||     1
  Use: Scroll            |       |    11 |     4 |     2 ||    17
       Potion            |       |     2 |       |     2 ||     4
 Stab: Distracted        |     3 |       |       |     1 ||     4
       Sleeping          |     2 |     4 |     1 |     1 ||     8
Armor: Skin              |     1 |     3 |     6 |     7 ||    17
Dodge: Dodged            |    18 |    18 |    26 |    54 ||   116
